Meike, lawful female human Valkyrie -------- |.......###############` |......| |.......# |.>....|# --.-----# ## # # # # # # ### ---.--------# |..........|# |..........|### |.......%..| # ------- ------------ ###|...a.|B #.<^...a@ ------- Meike the Fighter Experience level: 6 Strength: 18/03 Dexterity: 13 Constitution: 17 Intelligence: 8 Wisdom: 8 Charisma: 7 Health: 0(58) Energy: 23(23) Def: 7 Gold: 1054 Moves: 4901 Dungeon seed: fT6K1wN8deqo91vV Game ID: Meike_1537261686 Your Inventory: Coins $ - 1054 gold pieces Weapons a - a +1 long sword (weapon in hand) b - a +0 dagger u - a cursed +0 sling C - 5 +0 daggers F - a +0 spear L - 14 cursed -1 darts Armor e - an uncursed +3 small shield (being worn) n - an uncursed +0 ring mail (being worn) x - an uncursed +0 orcish helm J - an uncursed +0 dwarvish cloak Comestibles I - 2 uncursed cream pies Rings A - a cursed ring of polymorph Wands q - a wand of light (0:11) w - a wand of magic missile (0:0) Z - a blessed wand of nothing (0:5) Tools i - an uncursed tin opener s - an uncursed sack t - an uncursed tooled horn z - 2 blessed tallow candles (0:200) B - 14 uncursed tallow candles (0:200) K - an uncursed credit card O - 2 uncursed partly used wax candles (0:280) Gems r - 2 uncursed worthless pieces of black glass y - 2 uncursed worthless pieces of red glass G - an uncursed amber stone N - 2 uncursed agate stones P - 3 uncursed worthless pieces of orange glass V - an uncursed worthless piece of yellow glass Y - an uncursed worthless piece of blue glass Contents of the sack: a +1 dagger an uncursed scroll of charging an uncursed scroll of confuse monster an uncursed scroll of create monster a blessed scroll of identify an uncursed scroll of light 2 uncursed scrolls of remove curse an uncursed spellbook of cure blindness an uncursed spellbook of healing an uncursed spellbook of teleport away a blessed potion of booze Spells and supernatural/magical abilities: Name Level Category Fail Memory W - pray for help -- divine ? -- Your skills at the end: Fighting Skills Weapon Skills dagger [Basic] long sword [Basic] Spellcasting Skills Final Attributes: You were piously aligned. You were cold resistant. You were telepathic. You were stealthy. You are dead. Vanquished creatures: a gnome king a fire ant a bugbear 2 rock piercers a fog cloud a yellow light 2 shriekers 4 gnome lords a gnomish wizard a straw golem 2 little dogs 3 floating eyes a kitten a dwarf a homunculus a centipede a monkey 2 dwarf zombies 2 werejackals 4 iguanas 3 hobbits 2 large kobolds 7 giant rats 3 cave spiders 3 yellow molds a red mold 15 gnomes a gnome zombie 3 geckos 7 jackals 4 foxes a kobold 2 goblins 4 sewer rats 5 grid bugs 4 bats 6 lichens 2 kobold zombies 7 newts 113 creatures vanquished. Voluntary challenges: You used a wielded weapon 105 times, starting on turn 2. You read items or engraved 1 time, starting on turn 2623. You never genocided any monsters. You never polymorphed an object. You changed form 1 time, starting on turn 2413. You used no wishes. You never split a pudding. You wrote Elbereth's name 1 time, starting on turn 2623. You violated your moral code, losing 19 points of alignment, starting on turn 1839. Dungeon overview: The Dungeons of Doom: levels 1 to 7 Level 1 some fountains a long staircase Level 2 a fountain stairs to The Gnomish Mines Level 3 Level 4 a general store, a fountain Level 5 some fountains Level 6 many fountains Level 7 <- You were here The Gnomish Mines: levels 3 to 5 Level 3 stairs to The Dungeons of Doom Level 4 Level 5 History has recorded: On T:1 you entered the Dungeons of Doom to retrieve the Amulet of Yendor! On T:286 you advanced to experience level 2. On T:456 you reached level 2 of The Dungeons of Doom. On T:985 you reached level 1 of The Gnomish Mines. On T:1028 you advanced to experience level 3. On T:1098 you reached level 2 of The Gnomish Mines. On T:1102 you advanced to experience level 4. On T:1259 you advanced to experience level 5. On T:2620 you reached level 3 of The Gnomish Mines. On T:2834 you reached level 3 of The Dungeons of Doom. On T:3104 you advanced to experience level 6. On T:3538 you reached level 4 of The Dungeons of Doom. On T:4015 you reached level 5 of The Dungeons of Doom. On T:4416 you reached level 6 of The Dungeons of Doom. On T:4762 you reached level 7 of The Dungeons of Doom. Score breakdown: Gold: 1054 (10284 points) Experience: 6 levels (12456 points) Exploration: 7 levels ( 14.00%) (10497 points) Discoveries: 5 items ( 2.03%) ( 4276 points) Valuables value: (no points given unless you survive) Artifact value: 0 ( 0 points) Variety of kills: 39 monsters ( 10.24%) ( 9598 points) Turncount: 4901 turns (-1325 points) Survival: died (score multiplied by 80%) Total score: 36628 Latest messages: The fire ant misses. The fire ant bites! You're on fire! The giant bat bites! (2x) You miss the fire ant. The fire ant bites! (2x) You're on fire! The giant bat bites! The fire ant bites! (2x) You're on fire! The giant bat bites! You don't have that object. You feel an absence of magical power. The fire ant bites! The fire ant misses. The giant bat misses. The giant bat bites! You die... Final status: Farvel Meike the Valkyrie, killed by a giant bat... You died in The Dungeons of Doom on dungeon level 7 with 36628 points, and 1054 pieces of gold, after 4901 moves. You were level 6 with a maximum of 58 hit points when you died.